 Dungeon Crawl Stone Soup version 0.31-a0-1237-gabc64e778c (webtiles) character file.

Game seed: 6580508698578904787

6 quinnr the Gusty (level 1, 0/11 HPs)
             Began as a Tengu Air Elementalist on Dec 15, 2023.
             Frozen to death by an endoplasm (5 damage)
             ... on level 1 of the Dungeon.
             The game lasted 00:00:33 (214 turns).

quinnr the Gusty (Tengu Air Elementalist)            Turns: 214, Time: 00:00:33

Health: 0/11       AC:  2    Str:  8    XL:     1   Next: 90%
Magic:  1/4        EV: 12    Int: 15    God:
Gold:   15         SH:  0    Dex: 14    Spells: 3/4 levels left

rFire   . . .        c - staff of death {!a}
rCold   . . .        (no shield)
rNeg    + . .        a - +0 robe
rPois   .            (helmet restricted)
rElec   .            (no cloak)
rCorr   .            (no gloves)
SInv    .            (boots unavailable)
Will    .....        (no amulet)
Stlth   ++           (no ring)
HPRegen 0.21/turn    (no ring)
MPRegen 0.09/turn

%: acrobat
@: no status effects
A: beak, talons 3, acrobatic
a: no special abilities


You were on level 1 of the Dungeon.
You visited 1 branch of the dungeon, and saw 1 of its levels.

You collected 15 gold pieces.


Innate Abilities, Weirdness & Mutations

You have a beak for a mouth.
You have claws for feet.
You can magically evade attacks while moving or waiting.


   Skills:
 + Level 0.4 Fighting
 - Level 2.1 Dodging
 - Level 2.0 Stealth
 - Level 2.0 Spellcasting
 + Level 1.7 Conjurations
 * Level 4.3 Air Magic


You had 3 spell levels left.
You knew the following spells:

 Your Spells              Type           Power      Damage    Failure   Level
z - Shock                 Conj/Air       40%        1d5       6%          1

Your spell library contained the following spells:

 Spells                   Type           Power      Damage    Failure   Level
 Static Discharge         Conj/Air       20%        3-4/arc   10%         2
 Swiftness                Air            14%        N/A       11%         3
 Airstrike                Air            7%         2d(1-17)  36%         4

Inventory:

Armour
 a - a +0 robe (worn)
Magical Staves
 c - a staff of death (weapon) {!a}
Potions
 b - a potion of magic
 d - a potion of attraction {unknown}

Dungeon Overview and Level Annotations

Branches:
Dungeon (1/15)

Altars:

#. #.. .# .. # .. ##. ##.░
.##.░ .##J░ ....
..░░....░░.... #.).
░░.░..░░.░..░░.
#...░.░░..░.░░..░.░░ #
░....░░....░░.K.
#.░.##..░.##.)░.#
░..##.░..##J░..#
#░░....░░...@░░....░
#####..░░.░..░░.░..░░.░..░
.......░.░░..░.░░..░ ░ ░ #
#░░....░░.. ░░..
#.░.##..░.## .##
░..##.░..# # #░░....░░...
#..░░.░..░░. #..░ ░░ ░


You could see an endoplasm.


Message History

The zap hits the kobold but does no damage.
The endoplasm quivers.
Okay, then.
A kobold is nearby!
The zap hits the kobold.
You kill the kobold!
You can't see any susceptible monsters within range! (Use Z to cast anyway.)
An endoplasm is nearby!
An endoplasm is nearby!
An endoplasm is nearby!
The zap hits the endoplasm.
The endoplasm is moderately wounded.
The zap hits the endoplasm.
The endoplasm is heavily wounded.
The zap hits the endoplasm.
The endoplasm is severely wounded.
The endoplasm freezes you.
You are frozen.
You are out of magic!
You are out of magic!
You hit the endoplasm but do no damage. Your peck misses the endoplasm.
The endoplasm is severely wounded.
The endoplasm freezes you.
You are frozen.
* * * LOW HITPOINT WARNING * * *
You barely miss the endoplasm.
The endoplasm is severely wounded.
The endoplasm freezes you.
You are frozen.
You die...

Action                     || total
---------------------------++-------
  Melee: Staff             ||     3
         Kick              ||     1
   Cast: Shock             ||    15
  Dodge: Dodged            ||     6

Levels and vault maps discovered:
D:1:      roderic_dead_forest, layout_loops_corners, serial_shops,
          nicolae_shop_temple_entry_statues_fountains, nicolae_eternal_life,
          minmay_pentomino_w2

Notes
Turn   | Place    | Note
-------+----------+-------------------------------------------
     0 | D:1      | quinnr the Tengu Air Elementalist began the quest for the
                  | Orb.
     0 | D:1      | Reached XP level 1. HP: 10/10 MP: 4/4
   214 | D:1      | Frozen to death by an endoplasm

Vanquished Creatures
  A dart slug (D:1)
  A hobgoblin (D:1)
  A bat (D:1)
  A frilled lizard (D:1)
  A kobold (D:1)
5 creatures vanquished.

Table legend: (Time is in decaauts)
 A = Elapsed time spent in this place.
 B = Non-inter-level travel time spent in this place.
 C = Inter-level travel time spent in this place.
 D = Time resting spent in this place.
 E = Time spent auto-exploring this place.
 F = Levels seen in this place.
 G = Mean time per level.
                   A        B        C        D        E       F      G
               +--------+--------+--------+--------+--------+-----+--------+
         Total |    213 |    213 |      0 |      0 |    170 |   1 |  213.0 |
       Dungeon |    213 |    213 |      0 |      0 |    170 |   1 |  213.0 |
               +--------+--------+--------+--------+--------+-----+--------+

Top non-repeatable levels by time:
     D:1: 213 daAuts

Table legend:
 A = Non-vault XP
 B = Vault XP
 C = Vault XP percentage of total XP
 D = Non-vault monster count
 E = Vault monster count
 F = Vault count percentage of total count
                 A         B        C        D         E       F
            +---------+---------+-------+---------+---------+-------
      Total |       9 |       0 |   0.0 |       5 |       0 |   0.0
            +---------+---------+-------+---------+---------+-------
        D:1 |       9 |       0 |   0.0 |       5 |       0 |   0.0
            +---------+---------+-------+---------+---------+-------

Levels and vault maps discovered:
D:1:      roderic_dead_forest, layout_loops_corners, serial_shops,
          nicolae_shop_temple_entry_statues_fountains, nicolae_eternal_life,
          minmay_pentomino_w2
